 Dungeon Sprint DCSS version 0.21.1-1-g345015f (webtiles) character file.

2900000 Larett the Axe Maniac (level 18, 0/200 HPs)
             Began as a Minotaur Fighter on May 17, 2018.
             Was an Initiate of Makhleb.
             Killed from afar by a large bag of meat (16 damage)
             ... with an exploding inner flame
             ... in the Dungeon (Sprint VIII: "Arena of Blood").
             The game lasted 00:02:06 (29 turns).

Larett the Axe Maniac (Minotaur Fighter)              Turns: 29, Time: 00:02:07

Health: 0/200      AC: 13    Str: 23    XL:     18   Next: 58%
Magic:  17/17      EV: 30    Int:  5    God:    Makhleb [......]
Gold:   0          SH:  0    Dex: 16    Spells: 17/17 levels left

rFire    . . .     SeeInvis .   a - +∞ Axe of Woe
rCold    . . .     Gourm    .   (shield currently unavailable)
rNeg     . . .     Faith    .   b - +0 scale mail
rPois    .         Spirit   .   (helmet restricted)
rElec    .         Reflect  .   (no cloak)
rCorr    .         Harm     .   (no gloves)
MR       +....     NoTele   +   (no boots)
Stlth    ++++++++..             (no amulet)
HPRegen  0.43/turn              y - +30 ring of slaying
MPRegen  0.15/turn              S - +30 ring of slaying

@: no status effects
A: retaliatory headbutt, horns 2
a: Renounce Religion


You were in the Dungeon.
You worshipped Makhleb.
Makhleb was noncommittal.
You were not hungry.

You visited 1 branch

Inventory:

Hand Weapons
 a - the +∞ Axe of Woe (weapon)
   (You found it in the Dungeon)
 R - a +0 war axe
 V - a +9 war axe
Armour
 b - a +0 scale mail (worn)
 c - a +0 shield
Jewellery
 y - a +30 ring of slaying (left hand)
 S - a +30 ring of slaying (right hand)
 T - a +30 ring of slaying
 U - a +30 ring of slaying
Scrolls
 B - a scroll of blinking
Potions
 d - a potion of might
 g - a potion of heal wounds
 h - a potion of haste
 i - 2 potions of magic
 j - a potion of berserk rage
 Q - a potion of curing
Comestibles
 f - a ration


   Skills:
 O Level 27 Fighting
 O Level 27 Axes
 + Level 22.3 Throwing
 O Level 27 Armour
 O Level 27 Dodging
 O Level 27 Stealth
 - Level 3.6 Shields


You had 17 spell levels left.
You didn't know any spells.

Dungeon Overview and Level Annotations

Branches:
Dungeon (1/1)

Altars:
Makhleb


Innate Abilities, Weirdness & Mutations

You reflexively headbutt those who attack you in melee.
You have a pair of horns on your head.


Message History

You hear a shout! x12
A destroyer comes into view.
It is wielding a +9 great sword of slicing.
There is a burning altar of Makhleb, spattered with blood here.
You kneel at the altar of Makhleb.
Makhleb welcomes you!
You hear a shout! x2
The destroyer moves out of view.
You hear a shout! x2
The large bag of meat hits you with a +9 giant spiked club!!!!
Ouch! That really hurt!
* * * LOW HITPOINT WARNING * * *
The large bag of meat hits you with a +9 giant spiked club!!!
* * * LOW HITPOINT WARNING * * *
You hear a shout! x6
You dice the large bag of meat like an onion!!!
You hew the large bag of meat savagely.
The large bag of meat explodes!
The fiery explosion engulfs the bag of meat.
The fiery explosion engulfs you!
You die...

.... .... ....
.... O.. ... #..
..# #.. ..# .
..###.o O.###..
......)###.......
.......o@).......
.....#.§)§)#.....
... #_§§§_# ... .
#.....# .
...o._.....
......###......
.###.. ..###. #..
..# #.. ..#


You could see 2 bags of meat.

Vanquished Creatures
  4 ogres (D)
  10 orcs (D)
14 creatures vanquished.

Notes
Turn   | Place    | Note
-------+----------+-------------------------------------------
     0 | D        | Found the +∞ Axe of Woe
     0 | D        | Larett the Minotaur Fighter began the quest for the Orb.
     0 | D        | Reached XP level 1. HP: 19/19 MP: 0/0
     2 | D        | Noticed a bag of meat
     3 | D        | Noticed a bag of meat
     3 | D        | Noticed a bag of meat
     4 | D        | Noticed a bag of meat
     4 | D        | Noticed a bag of meat
     6 | D        | Noticed a bag of meat
     6 | D        | Noticed a bag of meat
     8 | D        | Killed a bag of meat
     8 | D        | Reached skill level 27 in Axes
     8 | D        | Reached XP level 2. HP: 26/26 MP: 1/1
     8 | D        | Reached XP level 3. HP: 31/31 MP: 2/2
     8 | D        | Reached XP level 4. HP: 39/39 MP: 3/3
     8 | D        | Reached XP level 5. HP: 45/45 MP: 4/4
     8 | D        | Reached XP level 6. HP: 51/51 MP: 5/5
     8 | D        | Reached XP level 7. HP: 57/57 MP: 6/6
     8 | D        | Reached XP level 8. HP: 64/64 MP: 7/7
     8 | D        | Reached XP level 9. HP: 70/70 MP: 8/8
     8 | D        | Reached XP level 10. HP: 77/77 MP: 9/9
     8 | D        | Reached XP level 11. HP: 82/82 MP: 10/10
     9 | D        | Noticed a bag of meat
     9 | D        | Killed a bag of meat
     9 | D        | Reached XP level 12. HP: 90/90 MP: 11/11
    10 | D        | Killed a bag of meat
    10 | D        | Reached XP level 13. HP: 95/95 MP: 12/12
    10 | D        | Killed a bag of meat
    10 | D        | Reached skill level 27 in Dodging
    10 | D        | Reached skill level 15 in Armour
    10 | D        | Reached XP level 14. HP: 102/102 MP: 13/13
    10 | D        | Killed a bag of meat
    10 | D        | Reached skill level 21 in Armour
    11 | D        | Killed a bag of meat
    11 | D        | Reached XP level 15. HP: 107/107 MP: 14/14
    14 | D        | Reached skill level 27 in Armour
    17 | D        | Noticed a meat berserker
    18 | D        | Noticed a meat berserker
    20 | D        | Killed a meat berserker
    20 | D        | Reached skill level 27 in Fighting
    20 | D        | Reached XP level 16. HP: 144/183 MP: 15/15
    21 | D        | Killed a meat berserker
    21 | D        | Reached XP level 17. HP: 151/191 MP: 16/16
    22 | D        | Noticed a meat berserker
    23 | D        | Noticed a large bag of meat
    23 | D        | Noticed a meat berserker
    23 | D        | Noticed a large bag of meat
    25 | D        | Noticed a meat berserker
    25 | D        | Killed a meat berserker
    25 | D        | Killed a meat berserker
    25 | D        | Reached skill level 27 in Stealth
    25 | D        | Reached skill level 18 in Throwing
    25 | D        | Reached XP level 18. HP: 160/200 MP: 17/17
    26 | D        | Noticed a large bag of meat
    28 | D        | Noticed a destroyer
    28 | D        | Became a worshipper of Makhleb the Destroyer
    28 | D        | HP: 16/200 [large bag of meat/+9 giant spiked club (44)]
    29 | D        | Killed a large bag of meat
    29 | D        | Killed from afar by a large bag of meat

Skill      XL: |  1  2  3  4  5  6  7  8  9 10 11 12 13 14 15 16 17 18 |
---------------+-------------------------------------------------------+-----
Axes           | 27 | 27.0
Dodging        | 14 22 26 27 | 27.0
Armour         | 15 25 27 | 27.0
Fighting       | 27 | 27.0
Stealth        | 8 19 27 | 27.0
Throwing       | 18 22 | 22.3
Shields        | |  3.6

Action                   |  1- 3 |  4- 6 |  7- 9 | 10-12 | 13-15 | 16-18 || total
-------------------------+-------+-------+-------+-------+-------+-------++-------
Melee: Executioner's axe |     1 |       |       |     2 |     3 |     5 ||    11
Dodge: Dodged            |       |       |       |       |       |     1 ||     1
